 Dungeon Crawl Stone Soup version 0.23.1 (webtiles) character file.

Game seed: 5232066443498128185

77 Borgoz the Sneak (level 4, 0/24 HPs)
             Began as a Kobold Enchanter on Mar 7, 2019.
             Slain by an adder (2 damage)
             ... on level 3 of the Dungeon.
             The game lasted 00:02:55 (2585 turns).

Borgoz the Sneak (Kobold Enchanter)                 Turns: 2585, Time: 00:02:56

Health: 0/24       AC:  3    Str:  6    XL:     4   Next: 58%
Magic:  5/7        EV: 15    Int: 16    God:
Gold:   166        SH:  0    Dex: 15    Spells: 1/7 levels left

rFire    + . .     SeeInvis .   a - +1 dagger
rCold    . . .     Gourm    .   (shield restricted)
rNeg     . . .     Faith    +   g - +0 leather armour
rPois    .         Spirit   .   (no helmet)
rElec    .         Reflect  .   (no cloak)
rCorr    .         Harm     .   (no gloves)
MR       .....                  (no boots)
Stlth    +++.......             l - amulet of faith
HPRegen  0.08/turn              i - ring of protection from fire
MPRegen  0.10/turn              (no ring)

@: no status effects
A: small, carnivore
a: no special abilities


You were on level 3 of the Dungeon.
You were completely stuffed.

You visited 1 branch of the dungeon, and saw 3 of its levels.

You collected 166 gold pieces.

Inventory:

Hand Weapons
 a - a +1 dagger (weapon)
Missiles
 n - 5 steel tomahawks (quivered)
Armour
 g - a +0 leather armour (worn)
Jewellery
 i - a ring of protection from fire (left hand)
 l - an amulet of faith (around neck)
Scrolls
 e - 3 scrolls of identify {unknown}
 h - a scroll of magic mapping {unknown}
 j - a scroll of teleportation {unknown}
 k - a scroll of amnesia {unknown}
 m - a scroll of remove curse {unknown}
Potions
 c - a potion of flight {unknown}
 f - a potion of mutation {unknown}
Comestibles
 b - a chunk of flesh
 d - 3 rations


   Skills:
 + Level 0.2 Fighting
 + Level 2.9 Short Blades
 + Level 0.4 Armour
 + Level 2.9 Dodging
 + Level 5.1 Stealth
 + Level 2.3 Spellcasting
 + Level 3.4 Hexes


You had one spell level left.
You knew the following spells:

 Your Spells              Type           Power        Failure   Level  Hunger
a - Corona                Hex            ##.....      8%          1    #......
b - Ensorcelled Hibernat  Hex/Ice        #.....       24%         2    ###....
c - Confuse               Hex            ##......     22%         3    ###....

Your spell library contained the following spells:

 Spells                   Type           Power        Failure   Level  Hunger
 Tukima's Dance           Hex            ##......     22%         3    ###....
 Dazzling Spray           Conj/Hex       #.....       43%         3    ###....


Dungeon Overview and Level Annotations

Branches:
Dungeon (3/15)

Altars:
Fedhas
Wu Jian


Innate Abilities, Weirdness & Mutations

You are small and have problems with some larger weapons.
You are carnivorous and can eat meat at any time.


Message History

Ouch! That really hurt!
The centaur shoots an arrow.
The arrow barely misses you.
You see here an arrow.
You are too injured to fight recklessly!
Okay, then.
The centaur shoots an arrow.
The arrow misses you.
You see here an arrow.
The centaur shoots an arrow.
The arrow barely misses you.
You see here an arrow.
The centaur shoots an arrow.
The arrow hits you!
* * * LOW HITPOINT WARNING * * *
You see here an arrow.
The adder misses you.
Casting: Ensorcelled Hibernation (safe; 24% risk of failure)
Confirm with . or Enter, or press ? or * to list all spells.
Aiming: Ensorcelled Hibernation (safe; 24% risk of failure)
Press: ? - help, Shift-Dir - straight line, f - adder
Aim: an adder (chance to defeat MR: 48%)
The adder resists with some effort.
The adder bites you.
You die...

...#.......####### ......# ##+#
...........# .....###....
...........###### #..........
........##......######..........
........##...........#..÷...##+#
........##...÷.......#..<.......
........#######.................
........#.......................
........#...(.cS@.......##......
....#...(...............# ......
....#.((.#..............# ......
....[.(.(#.........##...+ ......
..........(..#.....##...# .....
#.....c......#.....##..... ...#
.............########.....
..)..........# ......
.............#


You could see a centaur and an adder.

Vanquished Creatures
  4 adders
  2 worms (D:2)
  2 dart slugs (D:2)
  A leopard gecko (D:2)
  A giant cockroach (D:3)
  2 goblins
  4 hobgoblins
  2 jackals (D:2)
  5 ball pythons (D:2)
  4 bats (D:1)
  A frilled lizard (D:1)
  A kobold (D:1)
  6 rats
35 creatures vanquished.

Notes
Turn   | Place    | Note
-------+----------+-------------------------------------------
     0 | D:1      | Borgoz the Kobold Enchanter began the quest for the Orb.
     0 | D:1      | Reached XP level 1. HP: 10/10 MP: 3/3
   770 | D:1      | Reached XP level 2. HP: 12/15 MP: 5/5
   809 | D:1      | Learned a level 2 spell: Ensorcelled Hibernation
  1196 | D:2      | Reached XP level 3. HP: 15/19 MP: 6/6
  1312 | D:2      | Learned a level 3 spell: Confuse
  1459 | D:2      | Found an ornate altar of the Wu Jian Council.
  1993 | D:2      | Reached XP level 4. HP: 24/24 MP: 7/7
  2009 | D:2      | Found a blossoming altar of Fedhas.
  2249 | D:3      | Reached skill level 5 in Stealth
  2573 | D:3      | Noticed a centaur
  2585 | D:3      | Slain by an adder

Skill      XL: |  1  2  3  4 |
---------------+-------------+-----
Short Blades   | 2 |  2.9
Stealth        | 5 |  5.1
Fighting       | |  0.2
Armour         | |  0.4
Dodging        | |  2.9
Spellcasting   | |  2.3
Hexes          | |  3.4

Action                   |  1- 3 |  4- 6 || total
-------------------------+-------+-------++-------
Melee: Dagger            |   174 |    46 ||   220
 Cast: Corona            |     1 |       ||     1
       Ensorcelled Hiber |     1 |     7 ||     8
  Use: Potion            |     4 |       ||     4
 Stab: Sleeping          |     6 |     5 ||    11
       Distracted        |       |     1 ||     1
  Eat: Chunk             |    12 |     2 ||    14
Armor: Robe              |    10 |       ||    10
       Leather armour    |    26 |     6 ||    32
Dodge: Dodged            |   146 |    32 ||   178
